AoeStats
← Navix de los Bosques de Lituania

MegaRandom

504343449Analyzed
2v2 RM · 27d ago on Sep 4, 2026· 60m 12s· 4 players
Game mode
Random Map
Map size
Medium (4 player)
Population
200
Speed
Normal
Resources
Standard
Victory
Conquest
Starting age
Dark Age
Ending age
Imperial Age
RankedLock teamsTeams togetherTeam positionsShared explorationLock speedFull tech treeHidden civsTurbo modeCheats
Victory
Defeat
🇨🇴 Persians · Colombia
721
+9
696
+10
🇰🇷 Khitans · South Korea
621
-11
🇦🇷 Shu · Argentina
504
-8
明君
12:46 Feudal Age
12:49 Man-at-Arms
19:55 Arson
24:56 Castle Age
25:41 Long Swordsman
25:43 Crossbowman
27:42 Gambesons
27:57 Squires
38:36 Thumb Ring
49:33 Imperial Age
47:52 Gold Mining
48:14 Double-Bit Axe
49:34 Pikeman
52:11 Lamellar Armor
53:26 Elite Liao Dao
53:49 Elite Skirmisher
55:15 Scale Mail Armor
55:26 Forging
57:11 Chain Mail Armor
F1TRACER
13:42 Feudal Age
18:23 Castle Age
16:47 Horse Collar
16:57 Double-Bit Axe
29:53 Bow Saw
33:47 Wheelbarrow
36:40 Hand Cart
39:02 Heavy Plow
43:38 Caravan
44:43 Coiled Serpent Array
45:05 Pikeman
45:45 Squires
45:51 Scale Mail Armor
45:43 Fletching
48:24 Crossbowman
52:45 Imperial Age
53:57 Conscription
54:23 Heavy Cavalry Archer
Navix de los Bosques de Lituania
6:25 Loom
7:19 Loom
10:36 Feudal Age
15:41 Double-Bit Axe
16:34 Horse Collar
25:43 Castle Age
24:17 Padded Archer Armor
29:25 Fletching
29:51 Leather Archer Armor
34:27 Stone Mining
37:42 Bow Saw
44:08 Wheelbarrow
44:41 Heavy Plow
46:55 Hand Cart
53:05 Masonry
53:08 Fortified Wall
55:50 Imperial Age
57:43 Ring Archer Armor
57:09 Bodkin Arrow
57:25 Forging
57:17 Scale Mail Armor
57:02 Elite Longbowman
60:30 Chemistry
60:01 Ballistics
60:12 Architecture
Derzer
10:18 Feudal Age
16:36 Man-at-Arms
19:29 Double-Bit Axe
19:26 Horse Collar
20:12 Arson
21:26 Scale Mail Armor
25:48 Castle Age
28:44 Bow Saw
30:06 Husbandry
33:08 Scale Barding Armor
35:20 Chain Barding Armor
34:58 Stone Mining
35:50 Bloodlines
37:24 Stone Shaft Mining
36:40 Gold Mining
38:34 Heavy Plow
38:54 Forging
39:52 Gold Shaft Mining
41:00 Murder Holes
44:08 Imperial Age
42:32 Masonry
44:53 Kamandaran
46:17 Citadels
48:42 Plate Barding Armor
48:43 Iron Casting
52:36 Cavalier
52:39 Heavy Camel Rider
54:02 Savar
56:11 Blast Furnace
56:11 Wheelbarrow
Connection lost

Rejoining the realm…

Still unreachable

The connection could not be restored.

Session expired

The server has moved on; the page needs a fresh start.